 Dungeon Crawl Stone Soup version 0.27-a0-1189-gb8eb6cee8e (console) character file.

Game seed: 5321189300081796524

57 Hector the Ruffian (level 3, -4/37 HPs)
             Began as a Troll Abyssal Knight on May 23, 2021.
             Was an Initiate of Gozag.
             Slain by Sigmund
             ... wielding a +0 scythe
              (11 damage)
             ... on level 2 of the Dungeon.
             The game lasted 00:02:25 (1176 turns).

Hector the Ruffian (Troll Abyssal Knight)           Turns: 1176, Time: 00:02:26

Health: -4/37      AC:  4    Str: 21    XL:     3   Next: 73%
Magic:  3/3        EV: 10    Int:  8    God:    Gozag
Gold:   149        SH:  0    Dex:  9    Spells: 2/2 levels left

rFire    . . .     SeeInvis .     - Unarmed
rCold    . . .     Faith    .   (no shield)
rNeg     . . .     Spirit   .   a - +0 robe
rPois    .         Reflect  .   (helmet restricted)
rElec    .         Harm     .   (no cloak)
rCorr    .         Rampage  .   (gloves unavailable)
Will     .....                  (boots unavailable)
Stlth    +.........             (no amulet)
HPRegen  1.12/turn              (no ring)
MPRegen  0.08/turn              (no ring)

@: no status effects
A: large, unfitting armour, claws 3, regeneration 1, shaggy fur 1, tough skin 1
a: Renounce Religion, Potion Petition, Call Merchant, Bribe Branch


You were on level 2 of the Dungeon.
You worshipped Gozag.
Gozag was aware of your devotion.
You visited 1 branch of the dungeon, and saw 2 of its levels.
You visited the Abyss 1 time.

You collected 149 gold pieces.

Inventory:

Missiles
 b - 5 curare-tipped darts
 c - 23 stones
Armour
 a - a +0 robe (worn)
Scrolls
 e - a scroll of vulnerability {unknown}
 f - 2 scrolls of identify {unknown}
Potions
 d - a potion of degeneration {unknown}


   Skills:
 + Level 3.0 Fighting
 + Level 2.3 Dodging
 * Level 3.1 Unarmed Combat
 - Level 1.5 Invocations


You had 2 spell levels left.
You didn't know any spells.
Your spell library was empty.

Dungeon Overview and Level Annotations

Branches:
Dungeon (2/15)

Altars:
Gozag

Annotations:
D:2 Sigmund


Innate Abilities, Weirdness & Mutations

You are too large for most types of armour.
You have claws for hands.
Your natural rate of healing is unusually fast.
You are covered in fur. (AC +1)
You have tough skin. (AC +1)


Message History

A mysterious force pulls you upwards. The hatch slams shut behind you.
There is a stone staircase leading down here.
You climb downwards.
A kobold and Sigmund come into view.
Sigmund shouts!
Sigmund hits you with a +0 scythe!
Found a short sword.
There is a stone staircase leading up, spattered with blood here.
You closely miss Sigmund. Sigmund hits you with a +0 scythe.
The kobold closely misses you.
You barely miss Sigmund. Sigmund closely misses you.
The kobold hits you with a +0 dagger.
You barely miss Sigmund. The kobold closely misses you.
Sigmund closely misses you.
You closely miss Sigmund. The kobold hits you with a +0 dagger.
Sigmund hits you with a +0 scythe!
You completely miss Sigmund. The kobold hits you with a +0 dagger.
Sigmund barely misses you.
You claw Sigmund!
Sigmund is heavily wounded.
The kobold barely misses you. Sigmund completely misses you.
You claw Sigmund!
Sigmund is severely wounded.
The kobold barely misses you. Sigmund hits you with a +0 scythe.
You scratch Sigmund.
Sigmund is almost dead.
The kobold hits you but does no damage. Sigmund gestures at you while chanting.
The puff of flame hits you!
* * * LOW HITPOINT WARNING * * *
You scratch Sigmund.
Sigmund is almost dead.
The kobold hits you but does no damage.
Sigmund points at you and mumbles some strange words.
The puff of flame misses you.
You barely miss Sigmund.
Sigmund is almost dead.
The kobold barely misses you. Sigmund hits you with a +0 scythe!
You die...
Your body crumbles into a pile of gold.

########### ######.
...........###.) ......
............... ....##.#
..........# .......
......K@..# ....####
.......@..# .......+
..........# ....####
..#+#########....
....#.. . #....) ....#.#
#####....
....#.##########...#...#
..#>..............>+...#
#.###.#########....#...#


You could see Sigmund and a kobold.

Vanquished Creatures
  3 adders (D:2)
  2 endoplasms
  3 giant cockroaches
  A goblin (D:2)
  2 hobgoblins
  4 jackals
  2 quokkas
  3 ball pythons
  2 bats
  A frilled lizard (D:1)
  A kobold (D:2)
  6 rats
30 creatures vanquished.

Notes
Turn   | Place    | Note
-------+----------+-------------------------------------------
     0 | Abyss:1  | Hector the Troll Abyssal Knight began the quest for the
                  | Orb.
     0 | Abyss:1  | Reached XP level 1. HP: 22/22 MP: 1/1
     1 | Abyss:1  | Found a corrupted altar of Lugonu.
    63 | Abyss:1  | Found a corrupted altar of Lugonu.
   141 | D:1      | Escaped the Abyss
   384 | D:1      | Reached XP level 2. HP: 29/29 MP: 2/2
   576 | D:1      | Found a faded altar of an unknown god.
   645 | D:1      | Fell from the grace of Lugonu
   645 | D:1      | Became a worshipper of Gozag Ym Sagoz the Greedy
   997 | D:2      | Reached XP level 3. HP: 36/36 MP: 3/3
  1166 | D:2      | Noticed Sigmund
  1176 | D:2      | Slain by Sigmund

Illustrated notes

Levels and vault maps discovered:
D:1:      psy_arrival_statuary, layout_basic,
          shapermc_ecumenical_altar_notcrosses, minmay_misc_feat_secret_circle
D:2:      layout_basic, serial_shops, shop, uniq_sigmund

Skill      XL: |  1  2  3 |
---------------+----------+-----
Dodging        | 2 |  2.3
Unarmed Combat | 3 |  3.1
Fighting       | 3 |  3.0
Invocations    | |  1.5

Action                   || total
-------------------------++-------
Melee: Unarmed           ||   103
       Punch             ||     1
Armor: Robe              ||    43
Dodge: Dodged            ||    45

Table legend: (Time is in decaauts)
 A = Elapsed time spent in this place.
 B = Non-inter-level travel time spent in this place.
 C = Inter-level travel time spent in this place.
 D = Time resting spent in this place.
 E = Time spent auto-exploring this place.
 F = Levels seen in this place.
 G = Mean time per level.
                   A        B        C        D        E       F      G
               +--------+--------+--------+--------+--------+-----+--------+
         Total |   1178 |   1107 |     71 |      0 |    903 |   3 |  392.7 |
       Dungeon |   1031 |    960 |     71 |      0 |    760 |   2 |  515.5 |
         Abyss |    147 |    147 |      0 |      0 |    143 |   1 |  147.0 |
               +--------+--------+--------+--------+--------+-----+--------+

Top non-repeatable levels by time:
     D:1: 819 daAuts
     D:2: 212 daAuts
 Abyss:1: 147 daAuts
